 Dungeon Crawl Stone Soup version 0.18.1-48-g4cf74bf (webtiles) character file.

44 Ruka the Vexing (level 3, -1/16 HPs)
             Began as a Vine Stalker Enchanter on Sept 6, 2016.
             Succumbed to an adder's poison
             ... on level 1 of the Dungeon.
             The game lasted 00:07:41 (1094 turns).

Ruka the Vexing (Vine Stalker Enchanter)            Turns: 1094, Time: 00:07:41

Health: -1/16      AC:  3    Str: 10    XL:     3   Next: 60%
Magic:  0/7        EV: 12    Int: 16    God:
Gold:   88         SH:  0    Dex: 14    Spells: 3 memorised, 0 levels left

rFire  . . .     SeeInvis .     a - +1 dagger
rCold  . . .     Gourm    .     b - +1 robe
rNeg   . . .     Faith    .     (no shield)
rPois  .         Spirit   +     (no helmet)
rElec  .         Dismiss  .     (no cloak)
rCorr  .         Reflect  .     (no gloves)
SustAt .         Harm     .     (no boots)
MR     .....                    (no amulet)
Stlth  ++........               (no ring)
                                (no ring)

@: lethally poisoned (-1 -> -10), not resistant to hostile enchantments,
unstealthy
A: fangs 2, regeneration 1, magic shield, antimagic bite, no device heal 3, rot
immunity
a: no special abilities


You were on level 1 of the Dungeon.
You were not hungry.

You visited 1 branch of the dungeon, and saw 2 of its levels.

You collected 88 gold pieces.

Inventory:

Hand Weapons
 a - a +1 dagger (weapon)
Armour
 b - a +1 robe (worn)
Potions
 e - a potion of lignification {unknown}
Books
 c - a book of Maledictions

   Spells                             Type                      Level
   a - Corona                         Hexes                        1
   b - Ensorcelled Hibernation        Hexes/Ice                    2
   c - Confuse                        Hexes                        3
   d - Tukima's Dance                 Hexes                        3
   e - Dazzling Spray                 Conjuration/Hexes            3
Comestibles
 d - 2 bread rations
 g - a meat ration
 h - a royal jelly


   Skills:
 - Level 0.8 Short Blades
 - Level 1.5 Dodging
 - Level 3.6 Stealth
 - Level 2.1 Spellcasting
 + Level 4.4 Hexes


You couldn't memorise any spells.
You knew the following spells:

 Your Spells              Type           Power        Failure   Level  Hunger
a - Corona                Hex            ###....      3%          1    #......
b - Ensorcelled Hibernat  Hex/Ice        #.....       14%         2    ###....
c - Confuse               Hex            ###.....     12%         3    ###....


Dungeon Overview and Level Annotations

Branches:
Dungeon (2/15)

Altars:


Innate Abilities, Weirdness & Mutations

You have extremely sharp teeth.
Your natural rate of healing is unusually fast.
When hurt, damage is shared between your health and your magic reserves.
Your bite disrupts and absorbs the magic of your enemies.
Potions and wands cannot restore your health.
You are immune to rotting.


Message History

* * * LOW HITPOINT WARNING * * *
You are lethally poisoned!
The adder poisons you!
You barely miss the adder. Your bite misses the adder.
The adder is heavily wounded.
The adder barely misses you. x2
You barely miss the adder. You bite the adder, but do no damage.
The adder is heavily wounded.
* * * LOW HITPOINT WARNING * * *
You feel sick. The adder bites you.
* * * LOW HITPOINT WARNING * * *
You are more poisoned.
The adder poisons you!
You miss the adder. Your bite misses the adder.
The adder is heavily wounded.
* * * LOW HITPOINT WARNING * * *
You feel sick. The adder closely misses you.
You hit the adder. Your bite misses the adder.
The adder is severely wounded.
You die...

######.####### #.#
######............# #.#
............#####.# #.#
.##########.# #.# #.# ..#
#.#####.####.# ..#
#............####### ..######
#######.#..........# ## ..##...#
######.#..........###. ..##...#
#...S@.#..........##..
..##...#####.####.#..........##[.
.............................'...
'###...#####.####.#..........##..
.......#...#.# #................
.......'...#.####.##......#..##..
.......#...'...#####......##..#..
.......#...#.#.####.......+......
.......#.#.#.#.#..........###.#..


You could see an adder.

Vanquished Creatures
  2 oozes
  A dart slug (D:1)
  A giant gecko (D:1)
  6 bats (D:1)
  A giant cockroach (D:1)
  6 goblins (D:1)
  3 jackals (D:1)
  2 kobolds (D:1)
  3 giant newts (D:1)
  7 rats
32 creatures vanquished.

Notes
Turn   | Place    | Note
--------------------------------------------------------------
     0 | D:1      | Ruka the Vine Stalker Enchanter began the quest for the Orb.
     0 | D:1      | Reached XP level 1. HP: 9/9 MP: 4/4
   146 | D:1      | Reached XP level 2. HP: 9/13 MP: 1/6
   185 | D:1      | Learned a level 2 spell: Ensorcelled Hibernation
   373 | D:1      | Reached skill level 4 in Hexes
   427 | D:1      | Reached XP level 3. HP: 13/16 MP: 5/7
   860 | D:1      | Learned a level 3 spell: Confuse
  1094 | D:1      | Succumbed to an adder's poison

Skill      XL: |  1  2 |
---------------+-------+-----
Hexes          | 4 |  4.4
Short Blades   | |  0.8
Dodging        | |  1.5
Stealth        | |  3.6
Spellcasting   | |  2.1

Action                   || total
-------------------------++-------
Melee: Dagger            ||    77
       Bite              ||    11
 Cast: Corona            ||    13
       Ensorcelled Hiber ||    14
       Confuse           ||     1
  Use: Scroll            ||     1
 Stab: Sleeping          ||    16
  Eat: Chunk             ||     2
Armor: Robe              ||    29
Dodge: Dodged            ||   100
